CCBL
BREWSTER WHITECAPS @ FALMOUTH COMMODORES
04/10/2060
 
TOP OF THE 1ST
Brewster Whitecaps batting - Pitching for Falmouth Commodores : RHP Andy Crowe
Pitching: RHP Andy Crowe
Batting: LHB Bubba Castaneda 0-0: Ball
1-0: Ball
2-0: Called Strike
2-1: Ground out 6-3 (Groundball, 6, EV 83.8 MPH)
Batting: RHB Logan Novak 0-0: Ground out 6-3 (Groundball, 6, EV 85.0 MPH)
Batting: SHB Jayson Mitchell 0-0: Ball
1-0: Foul Ball, location: 2F
1-1: Foul Ball, location: 2F
1-2: Foul Ball, location: 2F
1-2: Fly out, F8 (Flyball, 8LS, EV 75.0 MPH)
Top of the 1st over - 0 runs, 0 hits, 0 errors, 0 left on base; Brewster 0 - Falmouth 0
BOTTOM OF THE 1ST
Falmouth Commodores batting - Pitching for Brewster Whitecaps : RHP Elisha Giorgetti
Pitching: RHP Elisha Giorgetti
Batting: RHB Havelock Norris 0-0: Ball
1-0: Ball
2-0: Foul Ball, location: 2F
2-1: SINGLE (Line Drive, 56, EV 105.6 MPH)
Batting: LHB Kal Nagatoshi 0-0: Ball
1-0: Ball
2-0: Swinging Strike
2-1: Called Strike
2-2: Ball
3-2: Strikes out looking
Havelock Norris is caught stealing 2nd base 2-6
Batter strikes out.
Batting: RHB Jakob Davis 0-0: Ball
1-0: Foul Ball, location: 2F
1-1: Ball
2-1: Called Strike
2-2: Foul Ball, location: 2F
2-2: Strikes out swinging
Bottom of the 1st over - 0 runs, 1 hit, 0 errors, 0 left on base; Brewster 0 - Falmouth 0
TOP OF THE 2ND
Brewster Whitecaps batting - Pitching for Falmouth Commodores : RHP Andy Crowe
Batting: RHB Andy Lurie 0-0: Called Strike
0-1: Swinging Strike
0-2: Strikes out swinging
Batting: RHB Alfonso Bustillos 0-0: Ball
1-0: Ball
2-0: Ball
3-0: Base on Balls
Batting: LHB Blake Meyer 0-0: Foul Ball, location: 2F
0-1: Swinging Strike
0-2: Ball
1-2: Strikes out swinging
Batting: RHB Sebastian Baker 0-0: Called Strike
0-1: Fly out, F8 (Flyball, 8RXD, EV 103.8 MPH)
Top of the 2nd over - 0 runs, 0 hits, 0 errors, 1 left on base; Brewster 0 - Falmouth 0
BOTTOM OF THE 2ND
Falmouth Commodores batting - Pitching for Brewster Whitecaps : RHP Elisha Giorgetti
Batting: RHB Scott Carey 0-0: Ball
1-0: Called Strike
1-1: Fly out, F9 (Flyball, 89D, EV 88.8 MPH)
Batting: RHB Bradley Milsap 0-0: Called Strike
0-1: Ball
1-1: Ground out 6-3 (Groundball, 6S, EV 86.9 MPH)
Batting: LHB Joey Erickson 0-0: Called Strike
0-1: Foul Ball, location: 2F
0-2: Foul Ball, location: 2F
0-2: Foul Ball, location: 2F
0-2: Ground out 6-3 (Groundball, 4M, EV 103.8 MPH)
Bottom of the 2nd over - 0 runs, 0 hits, 0 errors, 0 left on base; Brewster 0 - Falmouth 0
TOP OF THE 3RD
Brewster Whitecaps batting - Pitching for Falmouth Commodores : RHP Andy Crowe
Batting: LHB Deonta Christopher 0-0: Ball
1-0: Foul Ball, location: 2F
1-1: Ball
2-1: Ground out 4-3 (Groundball, 34, EV 91.2 MPH)
Batting: RHB Jayvin Chavez 0-0: Ball
1-0: Ground out U3 (Groundball, 3, EV 103.1 MPH)
Batting: LHB Bubba Castaneda 0-0: Ball
1-0: Foul Ball, location: 2F
1-1: Swinging Strike
1-2: Foul Ball, location: 2F
1-2: Ball
2-2: Foul Ball, location: 2F
2-2: Ball
3-2: Strikes out swinging
Top of the 3rd over - 0 runs, 0 hits, 0 errors, 0 left on base; Brewster 0 - Falmouth 0
BOTTOM OF THE 3RD
Falmouth Commodores batting - Pitching for Brewster Whitecaps : RHP Elisha Giorgetti
Batting: SHB Mathew Byrd 0-0: Ball
1-0: Ball
2-0: Fly out, F7 (Flyball, 7, EV 92.5 MPH)
Batting: RHB Jericho Langlois 0-0: Called Strike
0-1: SOLO HOME RUN (Flyball, 7D, EV 97.5 MPH), Distance : 391 ft
Batting: LHB Gavin Hayden 0-0: Foul Ball, location: 2F
0-1: SINGLE (Line Drive, 9S, EV 91.9 MPH)
Batting: RHB Havelock Norris 0-0: Foul Ball, location: 2F
0-1: Called Strike
0-2: Ball
1-2: Ball
2-2: Foul Ball, location: 2F
2-2: Ball
3-2: Strikes out swinging
Batting: LHB Kal Nagatoshi 0-0: Ball
1-0: Ball
2-0: Ball
3-0: Base on Balls
Gavin Hayden to second
Batting: RHB Jakob Davis 0-0: Ball
1-0: SINGLE (Groundball, 56S, EV 95.0 MPH)
Gavin Hayden to third
Kal Nagatoshi to second
Runner from 3rd tries for Home, SAFE, throw by LF to home
Batting: RHB Scott Carey 0-0: Swinging Strike
0-1: Ball
1-1: Fly out, F6 (Flyball, 6MD, EV 85.0 MPH)
Bottom of the 3rd over - 2 runs, 3 hits, 0 errors, 2 left on base; Brewster 0 - Falmouth 2
TOP OF THE 4TH
Brewster Whitecaps batting - Pitching for Falmouth Commodores : RHP Andy Crowe
Batting: RHB Logan Novak 0-0: Ball
1-0: Ball
2-0: Foul Ball, location: 2F
2-1: Called Strike
2-2: Strikes out swinging
Batting: SHB Jayson Mitchell 0-0: Ground out 4-3 (Groundball, 34, EV 87.5 MPH)
Batting: RHB Andy Lurie 0-0: Fly out, F7 (Line Drive, 7D, EV 95.0 MPH)
Top of the 4th over - 0 runs, 0 hits, 0 errors, 0 left on base; Brewster 0 - Falmouth 2
BOTTOM OF THE 4TH
Falmouth Commodores batting - Pitching for Brewster Whitecaps : RHP Elisha Giorgetti
Batting: RHB Bradley Milsap 0-0: Called Strike
0-1: Foul Ball, location: 2F
0-2: Fly out, F8 (Flyball, 8RM, EV 77.5 MPH)
Batting: LHB Joey Erickson 0-0: Foul Ball, location: 2F
0-1: Ball
1-1: Called Strike
1-2: Foul Ball, location: 2F
1-2: Strikes out swinging
Batting: SHB Mathew Byrd 0-0: Called Strike
0-1: Called Strike
0-2: Ball
1-2: Ball
2-2: Foul Ball, location: 2F
2-2: Ground out U3 (Groundball, 3, EV 104.4 MPH)
Bottom of the 4th over - 0 runs, 0 hits, 0 errors, 0 left on base; Brewster 0 - Falmouth 2
TOP OF THE 5TH
Brewster Whitecaps batting - Pitching for Falmouth Commodores : RHP Andy Crowe
Batting: RHB Alfonso Bustillos 0-0: Swinging Strike
0-1: Swinging Strike
0-2: Ball
1-2: Foul Ball, location: 2F
1-2: Strikes out swinging
Batting: LHB Blake Meyer 0-0: Fly out, F9 (Line Drive, 9, EV 98.8 MPH)
Batting: RHB Sebastian Baker 0-0: Ball
1-0: Ball
2-0: Called Strike
2-1: Fly out, F4 (Popup, 3S, EV 87.5 MPH)
Top of the 5th over - 0 runs, 0 hits, 0 errors, 0 left on base; Brewster 0 - Falmouth 2
BOTTOM OF THE 5TH
Falmouth Commodores batting - Pitching for Brewster Whitecaps : RHP Elisha Giorgetti
Batting: RHB Jericho Langlois 0-0: Hit by Pitch
Batting: LHB Gavin Hayden 0-0: Reached on error, E7 (Flyball, 78M, EV 93.8 MPH)
Jericho Langlois to second
Batting: RHB Havelock Norris 0-0: Ball
1-0: Foul Ball, location: 2F
1-1: Grounds into double play, 4-6-3 (Groundball, 4, EV 93.1 MPH)
Jericho Langlois to third
Batting: LHB Kal Nagatoshi 0-0: Ball
1-0: Ground out U3 (Groundball, 3, EV 100.0 MPH)
Bottom of the 5th over - 0 runs, 0 hits, 1 error, 1 left on base; Brewster 0 - Falmouth 2
TOP OF THE 6TH
Brewster Whitecaps batting - Pitching for Falmouth Commodores : RHP Andy Crowe
Batting: LHB Deonta Christopher 0-0: Foul Ball, location: 2F
0-1: Foul Ball, location: 2F
0-2: Ball
1-2: Fly out, F7 (Flyball, 7, EV 88.8 MPH)
Batting: RHB Jayvin Chavez 0-0: Ball
1-0: SINGLE (Groundball, 56D, EV 95.0 MPH)
Batting: LHB Bubba Castaneda 0-0: Foul Ball, location: 2F
0-1: Ball
1-1: Ball
2-1: Fielders Choice at 2nd, 3-6 (Groundball, 3, EV 80.0 MPH)
Batting: RHB Logan Novak 0-0: SINGLE (Line Drive, 7LS, EV 102.5 MPH)
Bubba Castaneda to second
Batting: SHB Jayson Mitchell 0-0: Ball
1-0: Foul Ball, location: 2F
1-1: Foul Ball, location: 2F
1-2: Ball
2-2: Ball
3-2: 3-RUN HOME RUN (Flyball, 9LD, EV 91.2 MPH), Distance : 355 ft
Batting: RHB Andy Lurie 0-0: Called Strike
0-1: Ball
1-1: Swinging Strike
1-2: Strikes out swinging
Top of the 6th over - 3 runs, 3 hits, 0 errors, 0 left on base; Brewster 3 - Falmouth 2
BOTTOM OF THE 6TH
Falmouth Commodores batting - Pitching for Brewster Whitecaps : RHP Elisha Giorgetti
Batting: RHB Jakob Davis 0-0: Ball
1-0: Ball
2-0: Ground out 6-3 (Groundball, 6S, EV 68.1 MPH)
Batting: RHB Scott Carey 0-0: Ball
1-0: Ground out 6-3 (Groundball, 6M, EV 87.5 MPH)
Batting: RHB Bradley Milsap 0-0: Ball
1-0: Ball
2-0: Ball
3-0: Called Strike
3-1: Base on Balls
Batting: LHB Joey Erickson 0-0: Called Strike
0-1: Ball
1-1: Swinging Strike
1-2: Foul Ball, location: 2F
1-2: Ball
2-2: Strikes out swinging
Bottom of the 6th over - 0 runs, 0 hits, 0 errors, 1 left on base; Brewster 3 - Falmouth 2
TOP OF THE 7TH
Brewster Whitecaps batting - Pitching for Falmouth Commodores : RHP Andy Crowe
Batting: RHB Alfonso Bustillos 0-0: Ball
1-0: Ball
2-0: Called Strike
2-1: Ball
3-1: Base on Balls
Batting: LHB Blake Meyer 0-0: Sac Bunt to P - play at second, runner safe!
Batting: RHB Sebastian Baker 0-0: Ball
1-0: Foul Ball, location: 2F
1-1: Foul Ball, location: 2F
1-2: Ball
2-2: Reached on error, E6 (Groundball, 6S, EV 82.5 MPH)
Alfonso Bustillos to third
Blake Meyer to second
Pitching: RHP Griffin Baron
Batting: LHB Deonta Christopher 0-0: Ball
1-0: Called Strike
1-1: Swinging Strike
1-2: GRAND SLAM HOME RUN (Flyball, 7LD, EV 95.0 MPH), Distance : 339 ft
Batting: RHB Jayvin Chavez 0-0: Swinging Strike
0-1: Called Strike
0-2: Ground out 5-3 (Groundball, 56, EV 83.1 MPH)
Batting: LHB Bubba Castaneda 0-0: Ball
1-0: SINGLE (Line Drive, 7S, EV 86.2 MPH)
Batting: RHB Logan Novak 0-0: Ball
Bubba Castaneda is caught stealing 2nd base 2-4
1-0: Called Strike
1-1: Fly out, F8 (Flyball, 8RD, EV 105.6 MPH)
Top of the 7th over - 4 runs, 2 hits, 1 error, 0 left on base; Brewster 7 - Falmouth 2
BOTTOM OF THE 7TH
Falmouth Commodores batting - Pitching for Brewster Whitecaps : RHP Elisha Giorgetti
Pitching: LHP Sammy Bush
Batting: SHB Mathew Byrd 0-0: Called Strike
0-1: Ball
1-1: Called Strike
1-2: Strikes out swinging, 2-3 out at first.
Batting: RHB Jericho Langlois 0-0: Ball
1-0: Called Strike
1-1: Ground out 4-3 (Groundball, 34, EV 76.9 MPH)
Batting: LHB Gavin Hayden 0-0: Called Strike
0-1: SOLO HOME RUN (Flyball, 7LD, EV 95.0 MPH), Distance : 341 ft
Batting: RHB Havelock Norris 0-0: Ball
1-0: Ball
2-0: Ball
3-0: Called Strike
3-1: Fly out, F8 (Flyball, 8RD, EV 100.6 MPH)
Bottom of the 7th over - 1 run, 1 hit, 0 errors, 0 left on base; Brewster 7 - Falmouth 3
TOP OF THE 8TH
Brewster Whitecaps batting - Pitching for Falmouth Commodores : RHP Griffin Baron
Batting: SHB Jayson Mitchell 0-0: Called Strike
0-1: Ball
1-1: Ball
2-1: Ball
3-1: Base on Balls
Batting: RHB Andy Lurie 0-0: Ball
1-0: Ball
2-0: Called Strike
2-1: Ball
3-1: Base on Balls
Jayson Mitchell to second
Batting: RHB Alfonso Bustillos 0-0: Foul Ball, location: 2F
0-1: Ball
1-1: Fly out, F4 (Popup, 34, EV 73.1 MPH)
Batting: LHB Blake Meyer 0-0: Called Strike
0-1: Ball
1-1: Called Strike
1-2: Ball
2-2: Ball
3-2: Foul Ball, location: 2F
3-2: Base on Balls
Jayson Mitchell to third
Andy Lurie to second
Batting: RHB Sebastian Baker 0-0: Called Strike
0-1: Foul Ball, location: 2F
0-2: Foul Ball, location: 2F
0-2: Foul Ball, location: 2F
0-2: Fly out, F9 (Flyball, 9LM, EV 97.5 MPH)
Runner from 3rd tags up, OUT at HOME! 9-2
Top of the 8th over - 0 runs, 0 hits, 0 errors, 2 left on base; Brewster 7 - Falmouth 3
BOTTOM OF THE 8TH
Falmouth Commodores batting - Pitching for Brewster Whitecaps : LHP Sammy Bush
Pitching: RHP Jovany Vilchez
Batting: LHB Kal Nagatoshi 0-0: Foul Ball, location: 2F
0-1: Swinging Strike
0-2: Ball
1-2: Foul Ball, location: 2F
1-2: Foul Ball, location: 2F
1-2: Ball
2-2: Foul Ball, location: 2F
2-2: Foul Ball, location: 2F
2-2: Fly out, F8 (Flyball, 78D, EV 86.9 MPH)
Batting: RHB Jakob Davis 0-0: Swinging Strike
0-1: Foul Ball, location: 2F
0-2: Ball
1-2: Ball
2-2: Foul Ball, location: 2F
2-2: Foul Ball, location: 2F
2-2: DOUBLE (Flyball, 7LD, EV 105.0 MPH)
Pinch Hitting: LHB Maguire Woodward 0-0: Ground out 4-3 (Groundball, 4, EV 83.1 MPH)
Jakob Davis to third
Batting: RHB Bradley Milsap 0-0: Called Strike
0-1: Ball
1-1: Foul Ball, location: 2F
1-2: Strikes out swinging
Bottom of the 8th over - 0 runs, 1 hit, 0 errors, 1 left on base; Brewster 7 - Falmouth 3
TOP OF THE 9TH
Brewster Whitecaps batting - Pitching for Falmouth Commodores : RHP Griffin Baron
Now at 3B: Wyatt Williams
Batting: LHB Deonta Christopher 0-0: Ball
1-0: Ball
2-0: Ball
3-0: Called Strike
3-1: Base on Balls
Batting: RHB Jayvin Chavez 0-0: Sac Bunt to 2L - play at first, batter OUT! 2-3
Deonta Christopher to second
Batting: LHB Bubba Castaneda 0-0: Called Strike
0-1: Ball
1-1: Ball
2-1: Foul Ball, location: 2F
2-2: Ball
3-2: Base on Balls
Batting: RHB Logan Novak 0-0: Called Strike
0-1: Fly out, F7 (Flyball, 7, EV 81.9 MPH)
Pitching: RHP Carter Hobkirk
Batting: SHB Jayson Mitchell 0-0: Ball
1-0: Fielders Choice at 2nd, U6 (Groundball, 6M, EV 81.9 MPH)
Top of the 9th over - 0 runs, 0 hits, 0 errors, 2 left on base; Brewster 7 - Falmouth 3
BOTTOM OF THE 9TH
Falmouth Commodores batting - Pitching for Brewster Whitecaps : RHP Jovany Vilchez
Batting: LHB Joey Erickson 0-0: Ball
1-0: SOLO HOME RUN (Flyball, 7D, EV 98.1 MPH), Distance : 377 ft
Batting: SHB Mathew Byrd 0-0: Ball
1-0: Ball
2-0: Ball
3-0: Called Strike
3-1: Base on Balls
Batting: RHB Jericho Langlois 0-0: Fly out, F9 (Flyball, 8RM, EV 87.5 MPH)
Batting: LHB Gavin Hayden 0-0: Ball
1-0: Fly out, F2 (Popup, 25F, EV 88.1 MPH)
Batting: RHB Havelock Norris 0-0: Called Strike
0-1: Ball
1-1: Foul Ball, location: 2F
1-2: Ball
2-2: Ground out 4-3 (Groundball, 4, EV 100.6 MPH)
Bottom of the 9th over - 1 run, 1 hit, 0 errors, 1 left on base; Brewster 7 - Falmouth 4
Saturday, April 27th , 2024 - OOTP Baseball 23.10 Build 110